 Dungeon Crawl Stone Soup version 0.29-a0-110-g189f89ecda (webtiles) character file.

Game seed: 8213745317712657949

5 Gargoyl the Skirmisher (level 1, 0/14 HPs)
             Began as a Gargoyle Abyssal Knight on Feb 17, 2022.
             Was an Initiate of Lugonu.
             Slain by a ball python (3 damage)
             ... on level 1 of the Dungeon.
             The game lasted 00:00:22 (105 turns).

Gargoyl the Skirmisher (Gargoyle Abyssal Knight)     Turns: 105, Time: 00:00:24

Health: 0/14       AC:  5    Str: 16    XL:     1   Next: 80%
Magic:  2/2        EV:  8    Int: 10    God:    Lugonu [......]
Gold:   0          SH:  0    Dex: 10    Spells: 0/0 levels left

rFire   . . .      SeeInvis .   a - +1 hand axe
rCold   . . .      Faith    .   (no shield)
rNeg    + . .      Spirit   .   b - +0 leather armour
rPois   ∞          Reflect  .   (no helmet)
rElec   +          Harm     .   (no cloak)
rCorr   .          Rampage  .   (no gloves)
Will    .....                   (no boots)
Stlth   +.........              (no amulet)
HPRegen 0.04/turn               (no ring)
MPRegen 0.08/turn               (no ring)

@: constricted
A: sickness immunity, AC +2, negative energy resistance 1, electricity
resistance, torment resistance 1, petrification resistance
a: Renounce Religion


You were on level 1 of the Dungeon.
You worshipped Lugonu.
Lugonu was noncommittal.
You visited 1 branch of the dungeon, and saw 1 of its levels.
You visited the Abyss 1 time.

Inventory:

Hand Weapons
 a - a +1 hand axe (weapon)
Armour
 b - a +0 leather armour (worn)
Scrolls
 c - a scroll of identify {unknown}


   Skills:
 + Level 3.6 Fighting
 + Level 1.8 Axes
 + Level 2.2 Armour
 + Level 0.7 Dodging
 + Level 2.0 Invocations


You couldn't memorise any spells.
You didn't know any spells.
Your spell library was empty.

Dungeon Overview and Level Annotations

Branches:
Dungeon (1/15)

Altars:


Innate Abilities, Weirdness & Mutations

You are immune to sickness and miasma.
Your stone body is resilient. (AC +2)
You are immune to poison.
You resist negative energy. (rN+)
You are resistant to electric shocks. (rElec)
You are resistant to unholy torment.
You are immune to petrification.


Message History

Lugonu accepts your kill.
Unknown command.
Found a murky cyan potion and 27 stones.
Found a pair of runed boots.
A ball python comes into view.
Found a stone staircase leading down.
The ball python hisses angrily.
A jackal comes into view.
The jackal barks!
The ball python bites you. The ball python barely misses you.
The ball python barely misses you. The ball python grabs you.
The ball python constricts you.
You see here a +0 scale mail.
You escape the ball python's grasp.
The ball python bites you. The ball python grabs you.
The ball python constricts you.
You barely miss the ball python. You closely miss the jackal.
The jackal barely misses you.
The ball python bites you but does no damage.
The ball python constricts you. The jackal closely misses you.
A hobgoblin comes into view.
Unknown command.
The hobgoblin shouts!
You hit the ball python.
The ball python is severely wounded.
You hit the jackal but do no damage. The ball python closely misses you.
The ball python constricts you.
The jackal bites you but does no damage.
A jackal comes into view.
The jackal bites you but does no damage.
The ball python bites you.
* * * LOW HITPOINT WARNING * * *
The ball python constricts you.
* * * LOW HITPOINT WARNING * * *
You barely miss the ball python.
The ball python is severely wounded.
The jackal barks!
You hit the jackal but do no damage.
The jackal bites you but does no damage.
The ball python bites you.
You die...

####### ......# #.
..... ......#
.#....# g(....#
.>...# h.....# #
#.#..## ##......#
#.#.#...###Sh..[..#
.........[@......#
#.#..##.#.#######
#.........#
####.######
#######...##...
#....)..#....#
#.#####...##...# #
#####.### ###
..##.#


You could see 2 jackals, a hobgoblin and a ball python.

Vanquished Creatures
  An endoplasm (D:1)
  A goblin (D:1)
  A ball python (D:1)
  A frilled lizard (D:1)
  A kobold (D:1)
  A rat (D:1)
6 creatures vanquished.

Notes
Turn   | Place    | Note
-------+----------+-------------------------------------------
     0 | Abyss:1  | Gargoyl the Gargoyle Abyssal Knight began the quest for the
                  | Orb.
     0 | Abyss:1  | Reached XP level 1. HP: 14/14 MP: 2/2
    18 | D:1      | Escaped the Abyss
   105 | D:1      | Slain by a ball python

Illustrated notes

Levels and vault maps discovered:
D:1:      wheals_arrival_shading, layout_loops_cross, minmay_pentomino_t4

Action                   || total
-------------------------++-------
Melee: Hand axe          ||    11
Invok: Depart the Abyss  ||     1
Armor: Leather armour    ||     7
Dodge: Dodged            ||     8

Table legend: (Time is in decaauts)
 A = Elapsed time spent in this place.
 B = Non-inter-level travel time spent in this place.
 C = Inter-level travel time spent in this place.
 D = Time resting spent in this place.
 E = Time spent auto-exploring this place.
 F = Levels seen in this place.
 G = Mean time per level.
                   A        B        C        D        E       F      G
               +--------+--------+--------+--------+--------+-----+--------+
         Total |    106 |    106 |      0 |      0 |     63 |   2 |   53.0 |
       Dungeon |     88 |     88 |      0 |      0 |     46 |   1 |   88.0 |
         Abyss |     18 |     18 |      0 |      0 |     17 |   1 |   18.0 |
               +--------+--------+--------+--------+--------+-----+--------+

Top non-repeatable levels by time:
     D:1: 88 daAuts
 Abyss:1: 18 daAuts
